Cogmind - Beta 11.1 @@@ ROGUE MODE // 2022.04.29 @ 20:57:34 // AFD2019/Pay2Buy Player: the cat Result: Escaped! Performance ------------- Evolutions (9) 4500 Regions Visited (24) 4800 Robots Destroyed (933) 4665 Value Destroyed (43987) 43987 Prototype IDs (51) 1020 Alien Tech Used (0) 0 Bonus (42863) 42863 TOTAL SCORE: 101835 Bonus ------- Triggered High Security 2500 Triggered Max Security 1000 High Alert Combat Kills 35416 Follower Combat Kills 480 Aligned with FarCom 300 Met Zhirov 300 Scanned by Researcher 500 Win 3000 Friendly Fire -633 Cogmind --------- Core Integrity 1348/1600 Matter 217/300 Energy 679/685 System Corruption 24% Temperature Cool (78) Movement Hovering (50) Location To Epsilon Eridani Parts ------- > --- POWER (2) -------- Micro Antimatter Reactor Compact Particle Reactor > --- PROPULSION (6) --- Combat Antigrav System Combat Antigrav System Combat Antigrav System Combat Linear Gravjet Combat Linear Gravjet Combat Linear Gravjet > --- UTILITY (14) ----- Experimental Power Amplifier Coolant Network Coolant Network Coolant Network Advanced Energy Well Advanced Targeting Computer Improved Propulsion Shielding SHELL Armor Advanced Force Field > --- WEAPON (3) ------- Enhanced Nova Cannon > --- INVENTORY (10) --- Experimental Matter Compressor (107) Experimental Matter Compressor (0) Advanced Quantum Shading Machine Improved Utility Shielding Long-range Tractor Beam Enhanced Quantum Rifle Enhanced Gamma Bomb Array Advanced Micro-nuke Launcher Advanced Micro-nuke Launcher Ragnarok Missile Launcher Peak State ------------ > --- POWER ------------ Micro Antimatter Reactor Compact Particle Reactor > --- PROPULSION ------- Combat Antigrav System Combat Antigrav System Combat Antigrav System Combat Linear Gravjet Combat Linear Gravjet Combat Linear Gravjet > --- UTILITY ---------- Experimental Power Amplifier Coolant Network Coolant Network Advanced Energy Well Advanced Quantum Shading Machine Advanced Targeting Computer Improved Propulsion Shielding SHELL Armor Advanced Force Field Long-range Tractor Beam > --- WEAPON ----------- Enhanced Nova Cannon Enhanced Gamma Bomb Array Ragnarok Missile Launcher > --- INVENTORY -------- Improved Fusion Compressor Experimental Matter Compressor Experimental Matter Compressor Advanced Phase Shifter Improved Utility Shielding Enhanced Quantum Rifle Graviton Cannon Advanced Micro-nuke Launcher Advanced Micro-nuke Launcher [Rating: 214] Favorites ----------- Power Micro Antimatter Reactor Engine Deuterium Engine Power Core Neutrino Core Reactor Micro Antimatter Reactor Propulsion Combat Antigrav System Treads Advanced Treads Leg Flexi-carbon Leg Wheel High-density Centrium Wheel Hover Unit Combat Antigrav System Utility Advanced Targeting Computer Device Long-range Tractor Beam Storage Advanced Energy Well Processor Advanced Targeting Computer Hackware Advanced Hacking Suite Protection SHELL Armor Weapon Enhanced Nova Cannon Energy Gun Enhanced Quantum Rifle Energy Cannon Enhanced Nova Cannon Ballistic Gun Improved KE Penetrator Ballistic Cannon Graviton Cannon Launcher Ragnarok Missile Launcher Slashing Weapon Centrium Greatsword Build | -11 -10 -10 -9 -9 -9 -8 -8 -8 -7 -6 -6 -6 -6 -6 -5 -4 -4 -4 -4 -3 -3 -3 -2 -1 ------- Run | Scr Mat Min Mat Min Exi Min Mat Sto Fac Fac Ext Cet Arc Hub Fac Fac Upp Upp Zhi Pro Res Tes Res Acc Slots Evolved 18 | . . . 2 . . . 2 . 2 2 . . . . 2 2 . . . . 2 . 2 2 Power 1 | . . . . . . . . . . . . . . . . . . . . . 1 . . . Propulsion 4 | . . . 1 . . . . . . 1 . . . . . 2 . . . . . . . . Utility 12 | . . . 1 . . . 1 . 2 1 . . . . 2 . . . . . 1 . 2 2 Weapon 1 | . . . . . . . 1 . . . . . . . . . . . . . . . . . Parts Attached 158 | . 5 . 6 1 . . 3 1 5 19 15 1 . . 8 6 2 3 2 1 14 8 27 31 Power 13 | . . . 1 . . . . . . . 1 . . . 1 . 2 . . . 1 . 1 6 Engine 1 | . . . 1 . . . . . . . . . . . . . . . . . . . . . Core 5 | . . . . . . . . . . . 1 . . . 1 . 1 . . . . . . 2 Reactor 7 | . . . . . . . . . . . . . . . . . 1 . . . 1 . 1 4 Propulsion 14 | . . . . . . . . . . 5 1 . . . 2 1 . 2 . . . . 1 2 Treads 4 | . . . . . . . . . . 2 . . . . 2 . . . . . . . . . Leg 2 | . . . . . . . . . . 2 . . . . . . . . . . . . . . Wheel 2 | . . . . . . . . . . 1 1 . . . . . . . . . . . . . Hover 6 | . . . . . . . . . . . . . . . . 1 . 2 . . . . 1 2 Flight . | . . . . . . . . . . . . . . . . . . . . . . . . . Utility 31 | . 4 . 1 . . . 1 1 1 4 1 . . . 2 5 . . . . 3 . 5 3 Device 19 | . 4 . 1 . . . 1 . . 1 . . . . 2 4 . . . . 2 . 2 2 Storage 2 | . . . . . . . . . . 1 . . . . . 1 . . . . . . . . Processor 3 | . . . . . . . . . 1 1 . . . . . . . . . . . . . 1 Hackware . | . . . . . . . . . . . . . . . . . . . . . . . . . Protection 7 | . . . . . . . . 1 . 1 1 . . . . . . . . . 1 . 3 . Artifact . | . . . . . . . . . . . . . . . . . . . . . . . . . Weapon 100 | . 1 . 4 1 . . 2 . 4 10 12 1 . . 3 . . 1 2 1 10 8 20 20 Energy Gun 12 | . . . 2 . . . . . . 1 1 . . . . . . . . . 4 1 1 2 Energy Cannon 39 | . . . . 1 . . . . . 7 4 . . . 2 . . . 2 . 3 3 8 9 Ballistic Gun 6 | . . . . . . . 1 . 3 . 2 . . . . . . . . . . . . . Ballistic Cannon 3 | . . . . . . . . . . . . . . . . . . . . . . . 3 . Launcher 39 | . 1 . 2 . . . 1 . 1 1 5 1 . . 1 . . 1 . 1 3 4 8 9 Special Weapon . | . . . . . . . . . . . . . . . . . . . . . . . . . Impact Weapon . | . . . . . . . . . . . . . . . . . . . . . . . . . Slashing Weapon 1 | . . . . . . . . . . 1 . . . . . . . . . . . . . . Piercing Weapon . | . . . . . . . . . . . . . . . . . . . . . . . . . Special Melee Weapon . | . . . . . . . . . . . . . . . . . . . . . . . . . Unidentified Prototypes 8 | . . . . . . . 1 . . 7 . . . . . . . . . . . . . . Parts Lost 101 | . . . 3 2 . . 5 2 9 23 11 6 2 . 7 3 1 2 . . . 4 7 14 Power 14 | . . . 1 . . . 1 1 1 2 3 . . . 1 . 1 . . . . . 1 2 Propulsion 14 | . . . 1 1 . . . 1 2 5 1 2 . . 1 . . . . . . . . . Utility 48 | . . . 1 . . . 2 . 2 12 4 3 1 . 3 2 . 1 . . . 3 4 10 Weapon 25 | . . . . 1 . . 2 . 4 4 3 1 1 . 2 1 . 1 . . . 1 2 2 Highest Loss Streak 5 | . . . 2 2 . . 1 2 5 4 3 5 1 . 2 2 1 1 . . . 3 2 5 To Critical Strikes 1 | . . . . . . . . . . . . . . . . . . . . . . 1 . . Average Slot Usage (%) 81 | . 96 100 89 77 77 88 85 97 86 76 79 62 57 59 63 82 84 78 65 81 85 87 88 80 Engine 4 | . 14 14 10 11 11 11 9 9 6 5 . . . . . . . . . . . . . . Reactor 3 | . . . . . . . . . . . . . . . . 5 2 5 5 5 8 9 8 7 Treads 6 | . 28 28 23 11 11 22 21 24 . 3 11 6 6 6 6 . . . . . . . . . Leg 2 | . . . . . . . . . 22 11 . . . . . . . . . . . . . . Hover 11 | . . . . . . . . . . . . . . . . 31 31 31 31 31 28 28 26 24 Device 17 | . 14 14 21 21 22 22 18 18 12 11 13 8 6 6 9 12 15 11 10 13 21 20 21 21 Storage 1 | . . . . . . . . . . . . . . . . 4 5 5 5 5 4 4 4 4 Processor 4 | . . . . . . . . . 6 8 6 6 6 6 5 5 5 5 5 5 4 4 4 5 Protection 10 | . 11 14 11 11 11 11 11 18 14 15 16 11 6 6 8 6 5 5 5 5 4 6 10 9 Energy Gun 2 | . 8 . 9 . . . . . . 1 1 . . . 4 2 . . . . 4 4 4 2 Energy Cannon 6 | . 14 14 2 21 22 22 14 9 1 3 6 6 6 6 4 8 10 10 2 10 2 2 2 3 Ballistic Gun 1 | . . . . . . . 2 9 12 4 1 . . . . . . . . . . . . . Launcher 4 | . 5 14 10 . . . 7 9 6 4 6 10 10 6 4 3 5 3 . 4 3 4 4 2 Naked Turns . | . . . . . . . . . . . . . . . . . . . . . . . . . Heaviest Build 122 | 10 19 19 26 27 27 27 35 34 40 66 57 82 82 57 106 84 81 81 67 80 112 109 122 119 Greatest Support 124 | 43 43 43 65 42 22 44 66 66 60 105 105 70 28 28 70 97 81 81 81 81 97 97 123 124 Greatest Overweight (x) 3 | . . . . 1 1 . . . . 3 2 2 2 2 3 . . 1 1 . 1 1 1 1 Average Overweight (x) . | . . . . . 1 . . . . . 1 1 1 1 2 . . . . . . . . . Largest Inventory Capacity 10 | 10 10 10 10 10 10 10 10 10 10 10 10 10 10 10 10 10 10 10 10 10 10 10 10 10 Average Capacity 10 | 10 10 10 10 10 10 10 10 10 10 10 10 10 10 10 10 10 10 10 10 10 10 10 10 10 Most Carried 10 | . 3 3 3 6 6 6 6 6 6 10 10 8 8 8 10 10 9 10 9 10 10 10 10 10 Average Carried 7 | . 1 3 2 5 6 6 4 5 5 8 9 8 8 8 9 9 8 9 9 9 8 9 9 9 Final Capacity 10 | 10 10 10 10 10 10 10 10 10 10 10 10 10 10 10 10 10 10 10 10 10 10 10 10 10 Final Carried 10 | . 3 3 2 6 6 6 3 6 6 10 8 8 8 8 9 9 9 9 9 10 10 10 10 10 Class Distribution -------------------- 98% | Mutant Dominant Class ---------------- Mutant | -10/Materials Mutant | -10/Mines Mutant | -9/Materials Mutant | -9/Mines Mutant | -9/Exiles Mutant | -8/Mines Mutant | -8/Materials Mutant | -8/Storage Mutant | -7/Factory Mutant | -6/Factory Mutant | -6/Extension Mutant | -6/Cetus Mutant | -6/Archives Mutant | -6/Hub_04(d) Mutant | -5/Factory Mutant | -4/Factory Mutant | -4/Upper Caves Mutant | -4/Upper Caves Mutant | -4/Zhirov Mutant | -3/Proximity Caves Mutant | -3/Research Mutant | -3/Testing Mutant | -2/Research Mutant | -1/Access Resources | -11 -10 -10 -9 -9 -9 -8 -8 -8 -7 -6 -6 -6 -6 -6 -5 -4 -4 -4 -4 -3 -3 -3 -2 -1 ----------- Run | Scr Mat Min Mat Min Exi Min Mat Sto Fac Fac Ext Cet Arc Hub Fac Fac Upp Upp Zhi Pro Res Tes Res Acc Matter Collected 28351 | . 415 14 477 70 . . 383 267 853 5184 1534 271 81 . 1080 1395 466 536 . 356 2265 2317 2729 7658 Remotely 17761 | . 78 . 477 70 . . 383 267 680 3704 1534 107 . . 376 876 195 372 . 87 1562 941 1158 4894 Salvage Created 32369 | . 712 30 1093 248 . . 1158 784 1469 4580 1713 1497 355 . 1187 1899 325 656 . 135 1758 3528 3484 5758 Parts . | . . . . . . . . . . . . . . . . . . . . . . . . . Haulers Intercepted 18 | . 2 . 2 . . . 2 . 2 1 . . . . . 1 . . . . 2 1 . 5 Recyclers Shooed 8 | . . . . 1 . . . . . 3 1 . . . . 2 . . . . . . 1 . Parts Field Recycled . | . . . . . . . . . . . . . . . . . . . . . . . . . Retrieved Matter . | . . . . . . . . . . . . . . . . . . . . . . . . . Parts Self-Destructed . | . . . . . . . . . . . . . . . . . . . . . . . . . Prevented . | . . . . . . . . . . . . . . . . . . . . . . . . . Kills | -11 -10 -10 -9 -9 -9 -8 -8 -8 -7 -6 -6 -6 -6 -6 -5 -4 -4 -4 -4 -3 -3 -3 -2 -1 ------- Run | Scr Mat Min Mat Min Exi Min Mat Sto Fac Fac Ext Cet Arc Hub Fac Fac Upp Upp Zhi Pro Res Tes Res Acc Combat Hostiles Destroyed 785 | . 14 1 33 6 . . 29 18 39 129 44 27 4 . 32 36 10 21 . 7 28 94 78 135 Melee 2 | . . . . . . . . . . 1 . . . . . . . . . . . . . 1 Guns 44 | . 6 . 4 . . . . 3 8 11 2 . . . . . . . . . 2 1 6 1 Cannons 89 | . 1 . 2 2 . . 14 7 3 10 5 4 1 . 5 3 1 7 . . 2 5 8 9 AOE 624 | . 7 1 27 4 . . 14 7 28 107 36 13 1 . 27 32 9 14 . 7 19 87 60 124 Classes Destroyed 27 | . 8 . 6 . . . 1 . 1 4 . . . . . . . . . 1 . 4 . 2 Worker 56 | . 2 . . . . . 2 2 7 8 . . . . 6 6 . . . . 9 . 4 10 Builder 64 | . 1 . 4 1 . . . . 12 13 5 . . . 7 2 . . . . 3 . 3 13 Tunneler 11 | . 1 . 1 1 . . 1 . . 2 1 . . . . 1 . . . . 1 . . 2 Hauler 18 | . 2 . 2 . . . 2 . 2 1 . . . . . 1 . . . . 2 1 . 5 Recycler 26 | . 1 . 1 1 . . . . . 5 1 . . . 2 3 . . . . 4 2 2 4 Carrier 1 | . . . . . . . . . . . . . . . . . . . . . . 1 . . Mechanic 23 | . . . 1 . . . . . 1 6 1 . . . . 2 . . . . . 8 1 3 Operator 9 | . 2 . . . . . . 2 . . . . . . 2 1 . . . . . . . 2 Drone 4 | . . . . . . . . . . . . . . . . . . . . . . . . 4 Watcher 23 | . 3 . 2 . . . 1 1 2 . 2 1 . . . 2 . . . . 3 . 3 3 Swarmer 84 | . . . 4 4 . . 6 . 3 9 3 . . . 5 4 . 6 . 4 3 4 10 19 Saboteur 23 | . . . . . . . . . . 5 1 1 . . . 1 . . . . . 5 2 8 Grunt 371 | . 14 1 22 2 . . 11 9 25 58 20 8 . . 15 22 9 7 . 3 8 45 28 64 Brawler 50 | . . . 2 . . . 3 . 1 13 4 3 . . . 3 . 2 . . . 7 2 10 Duelist 50 | . . . 2 . . . 2 1 3 10 6 1 . . 2 . . 2 . . . 10 6 5 Protector 29 | . . . 1 . . . 1 . 2 6 2 1 . . 1 . . 1 . . . 5 6 3 Sentry 60 | . . . 2 . . . 6 7 1 7 2 4 4 . 1 2 . 2 . . 5 6 7 4 Specialist 2 | . . . . . . . . . . 1 1 . . . . . . . . . . . . . Hunter 41 | . . . . . . . 1 1 . 10 . 4 . . 4 1 . . . . 2 3 7 8 Programmer 54 | . . . . . . . . . 4 7 . 1 . . 4 3 1 1 . . 10 7 8 8 Heavy 2 | . . . . . . . . . . 2 . . . . . . . . . . . . . . Q-Series 2 | . . . . . . . . . . . . . . . . . . . . . . . . 2 Behemoth 2 | . . . . . . . . . . 1 1 . . . . . . . . . . . . . Cetus Guard 4 | . . . . . . . . . . . . 4 . . . . . . . . . . . . Investigator 3 | . . . . . . . . . . . . . . . . . . . . . . 2 1 . Striker 3 | . . . . . . . . . . . . . . . . . . . . . . 1 2 . Executioner 1 | . . . . . . . . . . . . . . . . . . . . . . 1 . . Tinkerer 1 | . . . . . . . . . . . . . . . . . . . . 1 . . . . Thug 5 | . . . . . . . . . . . 5 . . . . . . . . . . . . . Best Kill Streak 37 | . 5 1 6 4 . . 9 6 12 36 11 17 2 . 10 27 4 8 . 4 10 37 16 29 Combat Bots Only 32 | . 4 1 6 4 . . 6 5 11 30 10 17 2 . 10 16 4 8 . 4 5 32 16 20 Max Kills in Single Turn 14 | . 2 1 4 4 . . 2 3 4 5 3 2 1 . 6 5 3 3 . 2 3 14 5 5 Gunslinging . | . . . . . . . . . . . . . . . . . . . . . . . . . Exploded 12 | . 2 1 4 4 . . 2 2 2 4 3 2 1 . 4 3 3 3 . 2 2 12 4 5 Melee 1 | . . . . . . . . . . 1 . . . . . . . . . . . . . 1 Uniques/NPCs Destroyed . | . . . . . . . . . . . . . . . . . . . . . . . . . Combat | -11 -10 -10 -9 -9 -9 -8 -8 -8 -7 -6 -6 -6 -6 -6 -5 -4 -4 -4 -4 -3 -3 -3 -2 -1 -------- Run | Scr Mat Min Mat Min Exi Min Mat Sto Fac Fac Ext Cet Arc Hub Fac Fac Upp Upp Zhi Pro Res Tes Res Acc Damage Taken 29000 | . 336 36 517 189 . . 798 443 1042 6669 2015 2012 413 27 1525 1740 412 960 . 169 936 2311 2542 3908 Core 1826 | . 32 . 59 . . . 105 9 136 307 209 180 25 . 29 60 12 63 . 21 77 151 99 252 Absorbed by Shields 7073 | . . . . . . . . . . . 117 . . . . . . . . . 781 2205 1648 2322 Redirected to Shielding 1409 | . . . . . . . 41 27 71 483 50 12 . . . 112 . . . . . 104 87 422 Regen/Repaired (Parts) 7423 | . . . . . . . . . . . . . . . 405 997 608 561 . 63 448 979 1479 1883 Core Remaining (%) 80 | 100 . 87 . . . 85 . 79 80 . . . . 15 97 . . . . 86 . 82 93 84 Volleys Fired 1311 | . 50 5 72 10 . . 66 42 93 215 95 38 14 1 65 64 18 35 . 7 63 57 109 192 Largest 3 | . 2 1 2 2 . . 3 2 2 3 2 1 1 1 2 2 2 2 . 3 3 2 2 3 Hottest 284 | . 113 33 113 124 . . 157 93 93 217 203 90 90 43 185 214 214 214 . 284 234 195 185 255 Shots Fired 1769 | . 76 5 88 19 . . 100 73 129 288 120 38 14 1 77 77 23 47 . 10 93 91 168 232 Gun 465 | . 26 . 33 2 . . 12 30 74 107 31 . . . 13 8 . . . . 33 25 45 26 Cannon 536 | . 32 . 18 16 . . 60 33 11 64 32 10 1 . 21 28 7 32 . 3 26 22 49 71 Launcher 768 | . 18 5 37 1 . . 28 10 44 117 57 28 13 1 43 41 16 15 . 7 34 44 74 135 Special . | . . . . . . . . . . . . . . . . . . . . . . . . . Kinetic 204 | . . . . . . . 12 30 74 64 15 . . . . . . . . . . . 9 . Thermal 463 | . 32 . 18 9 . . 20 . . 43 44 10 1 . 21 20 4 16 . 1 30 22 76 96 Explosive 720 | . 18 5 37 1 . . 28 10 44 117 50 9 . 1 43 41 16 15 . 7 34 44 68 132 Electromagnetic 382 | . 26 . 33 9 . . 40 33 11 64 11 19 13 . 13 16 3 16 . 2 29 25 15 4 Robot Hit Streak 41 | . 6 1 4 6 . . 11 13 21 18 30 14 6 . 14 7 7 7 . 8 24 20 18 41 Robot Miss Streak 6 | . 5 2 3 1 . . 4 6 4 3 2 3 1 . 4 4 1 2 . 1 1 2 4 2 Penetration Max 1 | . . . . . . . . . 1 1 1 . . . . . . . . . . . . . Secondary Targets 2 | . . . . . . . . . 1 1 . . . . . . . . . . . . . . Max Gunslinging Chain 1 | . . . . . . . . . 1 1 . . . . . . . . . . . . . . Shots Hit Robots 1102 | . 37 2 47 12 . . 59 47 85 202 83 23 6 . 33 33 7 27 . 8 76 69 109 137 Core Hits 1912 | . 36 3 63 10 . . 63 47 110 334 119 41 11 . 89 100 24 49 . 12 66 207 208 320 Critical Kills 4 | . . . . . . . 1 . 1 . . . . . . 2 . . . . . . . . Critical Parts Destroyed 2 | . . . . . . . . . 1 . 1 . . . . . . . . . . . . . Critical Strikes 16 | . 3 . . . . . 2 . 2 3 3 . . . . 2 . . . . 1 . . . Burn 3 | . . . . . . . . . . 1 2 . . . . . . . . . . . . . Meltdown 3 | . . . . . . . 1 . . . . . . . . 2 . . . . . . . . Destroy 3 | . . . . . . . . . 2 . 1 . . . . . . . . . . . . . Corrupt 7 | . 3 . . . . . 1 . . 2 . . . . . . . . . . 1 . . . Melee Attacks . | . . . . . . . . . . . . . . . . . . . . . . . . . Impact . | . . . . . . . . . . . . . . . . . . . . . . . . . Slashing . | . . . . . . . . . . . . . . . . . . . . . . . . . Piercing . | . . . . . . . . . . . . . . . . . . . . . . . . . Sneak Attacks . | . . . . . . . . . . . . . . . . . . . . . . . . . Combat Hostiles . | . . . . . . . . . . . . . . . . . . . . . . . . . Follow-up Attacks . | . . . . . . . . . . . . . . . . . . . . . . . . . Damage Inflicted 165896 | . 1501 235 3129 508 . . 3142 2089 6251 25079 8966 4179 689 . 6462 9026 2075 3890 . 1590 9521 25608 19822 32134 Guns 8228 | . 279 . 305 32 . . 174 532 1194 1851 738 . . . 120 70 . . . . 836 548 1028 521 Cannons 12398 | . 390 . 165 244 . . 982 586 238 1403 977 278 33 . 629 695 115 869 . 97 895 718 1541 1543 Explosions 145216 | . 832 235 2659 232 . . 1986 971 4819 21789 7251 3901 656 . 5713 8261 1960 3021 . 1493 7790 24342 17235 30070 Melee . | . . . . . . . . . . . . . . . . . . . . . . . . . Ramming 54 | . . . . . . . . . . 36 . . . . . . . . . . . . 18 . Kinetic 3736 | . . . . . . . 174 532 1194 1146 448 . . . . . . . . . . . 242 . Thermal 12007 | . 390 . 165 221 . . 249 . . 1229 1185 278 33 . 1229 684 45 553 . 96 805 718 1998 2129 Explosive 139365 | . 832 235 2659 135 . . 1943 971 4819 21265 6935 1778 . . 5036 8084 1960 3021 . 1439 7790 24342 16341 29780 Electromagnetic 10734 | . 279 . 305 152 . . 776 586 238 1403 398 2123 656 . 197 258 70 316 . 55 926 548 1223 225 Impact . | . . . . . . . . . . . . . . . . . . . . . . . . . Slashing . | . . . . . . . . . . . . . . . . . . . . . . . . . Piercing . | . . . . . . . . . . . . . . . . . . . . . . . . . Highest Corruption 24 | . . . . . . . . 4 3 3 8 10 11 11 3 6 7 8 8 8 3 10 5 24 Average Corruption 11 | . . . . . . . . 2 1 2 7 9 10 11 1 1 6 7 8 8 2 4 2 21 Corruption Purged . | . . . . . . . . . . . . . . . . . . . . . . . . . Corruption Blocked . | . . . . . . . . . . . . . . . . . . . . . . . . . Effects 389 | . . . . . . . . 4 14 6 34 7 4 6 5 5 11 13 3 8 5 7 5 252 Message Errors 96 | . . . . . . . . 1 1 4 10 2 1 1 2 1 1 4 2 . 2 . 1 63 Matter Fused 80 | . . . . . . . . 1 1 . 2 . 1 . 1 1 4 3 . 4 2 1 1 58 Heat Flow Errors 52 | . . . . . . . . . 3 1 9 . . 2 . 1 1 . 1 . 1 2 1 30 Energy Discharges 52 | . . . . . . . . . 5 . 3 3 . 2 . . 1 2 . . . . 1 35 Parts Rejected 5 | . . . . . . . . . . . 2 1 . . . . . 1 . . . . . 1 Data Loss (minor) 46 | . . . . . . . . 1 . . 3 1 2 1 1 2 1 2 . 3 . 3 . 26 Data Loss (major) 15 | . . . . . . . . . 2 1 1 . . . . . . 1 . . . . . 10 Misfires 22 | . . . . . . . . 1 . . 1 . . . . . 3 . . 1 . 1 . 15 Alerts 11 | . . . . . . . . . 2 . 1 . . . . . . . . . . . 1 7 Misdirections 3 | . . . . . . . . . . . . . . . . . . . . . . . . 3 Weapon Failures 7 | . . . . . . . . . . . 2 . . . 1 . . . . . . . . 4 Overload Shots . | . . . . . . . . . . . . . . . . . . . . . . . . . Overflow Damage 7023 | . 25 8 53 30 . . 26 3 242 652 163 65 4 . 328 544 26 163 . 2 947 1569 948 1225 Projectiles 407 | . 14 . . 6 . . . 3 20 14 . 2 . . 9 28 . 29 . . 86 33 48 115 Explosions 6616 | . 11 8 53 24 . . 26 . 222 638 163 63 4 . 319 516 26 134 . 2 861 1536 900 1110 Melee . | . . . . . . . . . . . . . . . . . . . . . . . . . Knockbacks 2 | . . . . . . . . . . . . . . . . . . . . . . . 2 . Impact . | . . . . . . . . . . . . . . . . . . . . . . . . . Kinetic 2 | . . . . . . . . . . . . . . . . . . . . . . . 2 . Secondary . | . . . . . . . . . . . . . . . . . . . . . . . . . Self-Inflicted Damage 2237 | . 51 27 70 69 . . 91 40 115 173 514 86 22 . 273 170 36 31 . . 91 206 78 94 Shots 62 | . 2 1 3 2 . . 3 3 3 7 11 5 1 . 7 5 1 1 . . 1 2 3 1 Rammed 1 | . . . . . . . . . . . . . . . . . . . . . . . 1 . Targets Rammed 4 | . . . . . . . . . . 3 . . . . . . . . . . . . 1 . Kicked 3 | . . . . . . . . . . 3 . . . . . . . . . . . . . . Crushed . | . . . . . . . . . . . . . . . . . . . . . . . . . Highest Temperature 507 | . 199 5 198 208 . . 197 185 165 197 272 199 85 151 507 214 214 457 92 174 311 341 296 257 Average Temperature 94 | . 86 3 57 91 . . 68 57 33 74 77 114 36 70 105 140 113 142 53 72 77 103 98 79 Received Heat Transfer 5367 | . 162 6 246 69 . . 297 180 279 1453 518 393 90 . 229 219 69 90 . 46 119 289 260 353 Effects 14 | . . . . . . . . . . . . . . . 6 . . 1 . . 5 . 2 . Shutdowns 1 | . . . . . . . . . . . . . . . 1 . . . . . . . . . Energy Bleed 3 | . . . . . . . . . . . . . . . . . . . . . 2 . 1 . Interference 4 | . . . . . . . . . . . . . . . . . . . . . 3 . 1 . Matter Decay 1 | . . . . . . . . . . . . . . . . . . 1 . . . . . . Short Circuit 1 | . . . . . . . . . . . . . . . 1 . . . . . . . . . Damage (minor) 1 | . . . . . . . . . . . . . . . 1 . . . . . . . . . Damage (major) 3 | . . . . . . . . . . . . . . . 3 . . . . . . . . . Siege Activations . | . . . . . . . . . . . . . . . . . . . . . . . . . Robots Corrupted 24 | . . . . . . . . 1 . . . 10 2 . . . . . . . 6 1 4 . Combat Hostiles 23 | . . . . . . . . 1 . . . 10 2 . . . . . . . 5 1 4 . Parts Fried . | . . . . . . . . . . . . . . . . . . . . . . . . . Impact Corruptions . | . . . . . . . . . . . . . . . . . . . . . . . . . Robots Melted 5 | . . . . . . . 1 . . . 1 . . . . 2 . . . . . . . 1 Combat Hostiles 3 | . . . . . . . 1 . . . 1 . . . . 1 . . . . . . . . Parts Melted 1 | . . . . . . . . . . . . 1 . . . . . . . . . . . . Heat Transferred 12773 | . 703 . 296 322 . . 370 . . 1669 1461 296 37 . 900 694 37 444 . 87 851 610 2072 1924 Parts Sabotaged 2 | . . . . . . . . . . . . . . . . . . . . . . . 2 . Parts Stolen . | . . . . . . . . . . . . . . . . . . . . . . . . . Parts Stripped . | . . . . . . . . . . . . . . . . . . . . . . . . . Power Chain Reactions 4 | . . . . 1 . . 1 . . 1 . . . . . . . . . 1 . . . . Missiles Intercepted . | . . . . . . . . . . . . . . . . . . . . . . . . . Alert | -11 -10 -10 -9 -9 -9 -8 -8 -8 -7 -6 -6 -6 -6 -6 -5 -4 -4 -4 -4 -3 -3 -3 -2 -1 ------- Run | Scr Mat Min Mat Min Exi Min Mat Sto Fac Fac Ext Cet Arc Hub Fac Fac Upp Upp Zhi Pro Res Tes Res Acc Peak Influence 8777 | . 708 315 1402 675 . . 750 683 1063 3963 3041 2267 1265 442 2246 3168 . . . . 1129 3977 5508 8777 Initial 3304 | . . 217 122 501 . . . 256 309 504 1941 1645 1100 442 84 1095 . . . . 128 634 2236 3304 Average 3024 | . 281 256 1064 402 . . 317 528 838 1607 2271 1977 1218 217 966 2081 . . . . 568 2707 3456 7954 Maximum Alert Level 5 | . 3 1 4 2 . . 3 2 3 5 5 5 4 2 5 5 . . . . 4 5 5 5 Low Security (%) 7 | 100 43 . 2 5 . 100 40 . . . . . . 77 21 . . . . . 16 . . . Level 1 8 | . 20 100 3 47 . . 21 15 3 . . . . . . . . . . . 21 . . . Level 2 14 | . 31 . 5 47 . . 26 84 15 21 . . . 22 20 . . . . . 23 . . . Level 3 15 | . 4 . 26 . . . 10 . 81 25 . . . . 22 7 . . . . 35 . . . Level 4 7 | . . . 62 . . . . . . 12 . . 100 . 18 15 . . . . 3 . . . Level 5 17 | . . . . . . . . . . 4 100 13 . . 17 53 . . . . . . 46 24 High Security 27 | . . . . . . . . . . 35 . 86 . . . 23 . . . . . . 53 75 Max Security 2 | . . . . . . . . . . . . . . . . . . . . . . 99 . . Sterilizations 2 | . . . . . . . . . . 1 . . . . . . . . . . . . . 1 Squads Dispatched 178 | . 3 . 9 . . . 2 4 9 33 8 4 . . 8 13 . 1 . . 9 23 21 31 Investigation 16 | . 1 . 2 . . . . . 1 2 1 . . . 2 2 . . . . 2 . . 3 Extermination 14 | . . . . . . . . . 3 2 . . . . 2 1 . . . . 2 . 1 3 Reinforcement 30 | . 2 . 5 . . . . 3 2 5 2 . . . 2 1 . . . . 2 . 1 5 Assault 103 | . . . 2 . . . 1 . 3 23 5 4 . . 2 6 . 1 . . . 20 17 19 Garrison 15 | . . . . . . . 1 1 . 1 . . . . . 3 . . . . 3 3 2 1 Intercept . | . . . . . . . . . . . . . . . . . . . . . . . . . Searches Triggered . | . . . . . . . . . . . . . . . . . . . . . . . . . Construction Impeded 12 | . . . 1 . . . . . 2 3 1 . . . 2 1 . . . . 1 . . 1 Haulers Reinforced 2 | . . . . . . . . . . . . . . . . . . . . . . . 1 1 Active Scanning Responses . | . . . . . . . . . . . . . . . . . . . . . . . . . Cargo Convoy Interrupts 1 | . . . . . . . . . . 1 . . . . . . . . . . . . . . Stealth | -11 -10 -10 -9 -9 -9 -8 -8 -8 -7 -6 -6 -6 -6 -6 -5 -4 -4 -4 -4 -3 -3 -3 -2 -1 --------- Run | Scr Mat Min Mat Min Exi Min Mat Sto Fac Fac Ext Cet Arc Hub Fac Fac Upp Upp Zhi Pro Res Tes Res Acc Distress Signals 26 | . . . 3 . . . 2 2 1 2 3 1 . . . 3 . . . . 2 . 4 3 Communications Jammed . | . . . . . . . . . . . . . . . . . . . . . . . . . Distress Signals . | . . . . . . . . . . . . . . . . . . . . . . . . . Times Spotted 1018 | . 23 2 44 8 . . 38 29 55 156 60 35 12 1 39 50 10 23 . 7 38 127 98 163 Peak Tracking Total 28 | . 4 2 4 4 . . 6 4 5 16 9 13 2 2 6 12 4 7 . 6 6 28 14 14 Tactical Retreats 28 | . . . 2 . . . 1 . . 5 2 1 . . . 2 1 3 . 1 2 1 4 3 Traps | -11 -10 -10 -9 -9 -9 -8 -8 -8 -7 -6 -6 -6 -6 -6 -5 -4 -4 -4 -4 -3 -3 -3 -2 -1 ------- Run | Scr Mat Min Mat Min Exi Min Mat Sto Fac Fac Ext Cet Arc Hub Fac Fac Upp Upp Zhi Pro Res Tes Res Acc Traps Triggered 16 | . 1 . 1 . . . . 4 . . 1 . . . . . . . . . 2 . 2 5 Indirectly 2 | . . . . . . . . . . . . . . . . . . . . . . . 2 . Trap Hack Attempts . | . . . . . . . . . . . . . . . . . . . . . . . . . Triggered . | . . . . . . . . . . . . . . . . . . . . . . . . . Disarmed . | . . . . . . . . . . . . . . . . . . . . . . . . . Reprogrammed 1 | . . . . . . . . . . . . . . . . 1 . . . . . . . . Reused . | . . . . . . . . . . . . . . . . . . . . . . . . . Traps Extracted . | . . . . . . . . . . . . . . . . . . . . . . . . . Installed . | . . . . . . . . . . . . . . . . . . . . . . . . . Triggered 2 | . . . . . . . . . . . 1 . . . . . . 1 . . . . . . Machines | -11 -10 -10 -9 -9 -9 -8 -8 -8 -7 -6 -6 -6 -6 -6 -5 -4 -4 -4 -4 -3 -3 -3 -2 -1 ---------- Run | Scr Mat Min Mat Min Exi Min Mat Sto Fac Fac Ext Cet Arc Hub Fac Fac Upp Upp Zhi Pro Res Tes Res Acc Machines Disabled 164 | . 4 . 9 . . . 9 11 4 18 6 4 4 . 43 22 . 2 . . 3 1 7 17 Max in Single Turn 24 | . 1 . 1 . . . 2 4 1 2 2 2 2 . 24 3 . 2 . . 1 1 1 1 Garrison Access 11 | . . . . . . . 1 1 . 1 . . . 1 1 1 . . . . . . 2 3 Energy Cycler 1 | . . . . . . . . . . . . . . . . . . . . . . . . 1 Machines Sabotaged . | . . . . . . . . . . . . . . . . . . . . . . . . . Garrisons Compromised . | . . . . . . . . . . . . . . . . . . . . . . . . . Overloaded Fab Kills . | . . . . . . . . . . . . . . . . . . . . . . . . . Hacking | -11 -10 -10 -9 -9 -9 -8 -8 -8 -7 -6 -6 -6 -6 -6 -5 -4 -4 -4 -4 -3 -3 -3 -2 -1 --------- Run | Scr Mat Min Mat Min Exi Min Mat Sto Fac Fac Ext Cet Arc Hub Fac Fac Upp Upp Zhi Pro Res Tes Res Acc Machines Accessed 56 | . 4 . 2 1 1 . 5 4 3 2 8 . . 2 4 3 . . 4 . 6 . 3 4 Terminals 45 | . 4 . 2 . . . 4 3 3 2 8 . . 1 3 3 . . . . 6 . 3 3 Fabricators . | . . . . . . . . . . . . . . . . . . . . . . . . . Repair Stations . | . . . . . . . . . . . . . . . . . . . . . . . . . Recycling Units . | . . . . . . . . . . . . . . . . . . . . . . . . . Scanalyzers . | . . . . . . . . . . . . . . . . . . . . . . . . . Garrison Access 5 | . . . . . . . 1 1 . . . . . 1 1 . . . . . . . . 1 Total Hacks 159 | . 14 . 10 1 1 . 22 9 13 7 12 . . 8 8 8 . . 17 . 14 . 8 7 Successful 89 | . 9 . 6 1 1 . 15 6 8 . 4 . . 5 4 3 . . 17 . 6 . 4 . Failed 70 | . 5 . 4 . . . 7 3 5 7 8 . . 3 4 5 . . . . 8 . 4 7 Catastrophic 15 | . . . 1 . . . . . 1 1 3 . . . 1 2 . . . . 2 . 1 3 Database Lockouts . | . . . . . . . . . . . . . . . . . . . . . . . . . Manual 59 | . 7 . 7 . 1 . 12 1 7 4 1 . . 3 3 5 . . . . 5 . 2 1 Terminals 129 | . 14 . 10 . . . 20 7 13 7 12 . . 6 6 8 . . . . 14 . 8 4 Fabricators . | . . . . . . . . . . . . . . . . . . . . . . . . . Repair Stations . | . . . . . . . . . . . . . . . . . . . . . . . . . Recycling Units . | . . . . . . . . . . . . . . . . . . . . . . . . . Scanalyzers . | . . . . . . . . . . . . . . . . . . . . . . . . . Garrison Access 11 | . . . . . . . 2 2 . . . . . 2 2 . . . . . . . . 3 Terminal Hacks 70 | . 6 . 3 1 1 . 10 5 6 . 4 . . 4 2 2 . . 17 . 5 . 4 . Record 11 | . 1 . . . 1 . 1 . 1 . . . . . . . . . 5 . . . 2 . Part Schematic 4 | . . . . . . . . . . . . . . . . . . . 4 . . . . . Robot Analysis 7 | . 1 . . . . . . 1 1 . . . . . . . . . 4 . . . . . Prototype ID Bank 5 | . . . . . . . 1 . . . . . . . . . . . 4 . . . . . Open Door 6 | . . . . 1 . . . 1 . . 4 . . . . . . . . . . . . . Level Access Points 2 | . . . . . . . . . 1 . . . . 1 . . . . . . . . . . Branch Access Points 6 | . 1 . 1 . . . 1 . 1 . . . . . 1 . . . . . 1 . . . Terminal Index 1 | . . . . . . . 1 . . . . . . . . . . . . . . . . . Recycling Unit Index 1 | . . . 1 . . . . . . . . . . . . . . . . . . . . . Alert Level 5 | . 1 . . . . . . 1 . . . . . 1 . . . . . . 1 . 1 . Unreport Threat 5 | . . . . . . . 1 1 . . . . . 2 . . . . . . 1 . . . Locate Traps 11 | . 1 . 1 . . . 2 1 2 . . . . . 1 1 . . . . 1 . 1 . Reprogram Traps 1 | . . . . . . . . . . . . . . . . 1 . . . . . . . . Hauler Manifests 1 | . . . . . . . 1 . . . . . . . . . . . . . . . . . Zone Layout 4 | . 1 . . . . . 2 . . . . . . . . . . . . . 1 . . . Fabricator Hacks . | . . . . . . . . . . . . . . . . . . . . . . . . . Repair Station Hacks . | . . . . . . . . . . . . . . . . . . . . . . . . . Recycling Unit Hacks . | . . . . . . . . . . . . . . . . . . . . . . . . . Scanalyzer . | . . . . . . . . . . . . . . . . . . . . . . . . . Garrison Access Hacks 4 | . . . . . . . 1 1 . . . . . 1 1 . . . . . . . . . Seal Access 4 | . . . . . . . 1 1 . . . . . 1 1 . . . . . . . . . Unauthorized Hacks 15 | . 3 . 3 . . . 4 . 2 . . . . . 1 1 . . . . 1 . . . Terminals 15 | . 3 . 3 . . . 4 . 2 . . . . . 1 1 . . . . 1 . . . Track 4 | . 2 . 2 . . . . . . . . . . . . . . . . . . . . . Botnet 3 | . . . . . . . 2 . 1 . . . . . . . . . . . . . . . Detonate 1 | . . . . . . . . . . . . . . . . . . . . . 1 . . . Disrupt 4 | . 1 . 1 . . . 1 . 1 . . . . . . . . . . . . . . . Operators 1 | . . . . . . . 1 . . . . . . . . . . . . . . . . . Sabotage 2 | . . . . . . . . . . . . . . . 1 1 . . . . . . . . Fabricators . | . . . . . . . . . . . . . . . . . . . . . . . . . Repair Stations . | . . . . . . . . . . . . . . . . . . . . . . . . . Recycling Units . | . . . . . . . . . . . . . . . . . . . . . . . . . Scanalyzers . | . . . . . . . . . . . . . . . . . . . . . . . . . Garrison Access . | . . . . . . . . . . . . . . . . . . . . . . . . . Data Cores Recovered . | . . . . . . . . . . . . . . . . . . . . . . . . . Used . | . . . . . . . . . . . . . . . . . . . . . . . . . Hacking Detections 42 | . 3 . 2 . . . 4 3 3 2 6 . . 1 2 3 . . . . 6 . 3 4 Full Trace Events 10 | . . . 1 . . . . . 1 2 1 . . . 1 1 . . . . 1 . . 2 Feedback Events 1 | . . . . . . . . . . . . . . . . . . . . . . . . 1 Corruption 1 | . . . . . . . . . . . . . . . . . . . . . . . . 1 Feedback Blocked . | . . . . . . . . . . . . . . . . . . . . . . . . . Robot Schematics Acquired . | . . . . . . . . . . . . . . . . . . . . . . . . . Robots Built . | . . . . . . . . . . . . . . . . . . . . . . . . . Authchips . | . . . . . . . . . . . . . . . . . . . . . . . . . Time . | . . . . . . . . . . . . . . . . . . . . . . . . . Total Robot Build Rating . | . . . . . . . . . . . . . . . . . . . . . . . . . Part Schematics Acquired 4 | . . . . . . . . . . . . . . . . . . . 4 . . . . . Parts Built . | . . . . . . . . . . . . . . . . . . . . . . . . . Authchips . | . . . . . . . . . . . . . . . . . . . . . . . . . Time . | . . . . . . . . . . . . . . . . . . . . . . . . . Total Part Build Rating . | . . . . . . . . . . . . . . . . . . . . . . . . . Parts Repaired . | . . . . . . . . . . . . . . . . . . . . . . . . . Time . | . . . . . . . . . . . . . . . . . . . . . . . . . Parts Recycled . | . . . . . . . . . . . . . . . . . . . . . . . . . Recycled Matter . | . . . . . . . . . . . . . . . . . . . . . . . . . Retrieved Matter . | . . . . . . . . . . . . . . . . . . . . . . . . . Retrieved Components . | . . . . . . . . . . . . . . . . . . . . . . . . . Parts Scanalyzed . | . . . . . . . . . . . . . . . . . . . . . . . . . Part Schematics Acquired . | . . . . . . . . . . . . . . . . . . . . . . . . . Parts Damaged . | . . . . . . . . . . . . . . . . . . . . . . . . . Bothacking | -11 -10 -10 -9 -9 -9 -8 -8 -8 -7 -6 -6 -6 -6 -6 -5 -4 -4 -4 -4 -3 -3 -3 -2 -1 ------------ Run | Scr Mat Min Mat Min Exi Min Mat Sto Fac Fac Ext Cet Arc Hub Fac Fac Upp Upp Zhi Pro Res Tes Res Acc Used RIF Installer . | . . . . . . . . . . . . . . . . . . . . . . . . . Robots Hacked . | . . . . . . . . . . . . . . . . . . . . . . . . . Non-combat . | . . . . . . . . . . . . . . . . . . . . . . . . . Combat . | . . . . . . . . . . . . . . . . . . . . . . . . . Robot Hacks Applied . | . . . . . . . . . . . . . . . . . . . . . . . . . Relay Couplers Released 14 | . . . . . . . . . . 1 . . . . . 3 . . . . . . 6 4 Machine Destruction 14 | . . . . . . . . . . 1 . . . . . 3 . . . . . . 6 4 Fabnet Peak Effective % . | . . . . . . . . . . . . . . . . . . . . . . . . . Robots Rewired 9 | . . . . . . . . . . . 6 . . . . 1 . 2 . . . . . . Allies Hacked . | . . . . . . . . . . . . . . . . . . . . . . . . . Hacks Repelled . | . . . . . . . . . . . . . . . . . . . . . . . . . Allies | -11 -10 -10 -9 -9 -9 -8 -8 -8 -7 -6 -6 -6 -6 -6 -5 -4 -4 -4 -4 -3 -3 -3 -2 -1 -------- Run | Scr Mat Min Mat Min Exi Min Mat Sto Fac Fac Ext Cet Arc Hub Fac Fac Upp Upp Zhi Pro Res Tes Res Acc Total Allies 20 | . . . . 3 . . . . . . 14 . . . . 1 . 2 . . . . . . Largest Group 8 | . . . . 3 3 3 3 . . . 8 . . . . 1 . 2 . . . . . . Highest-Rated Group 264 | . . . . 40 40 40 40 . . . 264 . . . . 47 . 94 . . . . . . Highest-Rated Ally 159 | . . . . 16 16 16 16 . . . 159 . . . . 47 . 47 . . . . . . Total Orders . | . . . . . . . . . . . . . . . . . . . . . . . . . Ally Attacks 148 | . . . . . . . 23 . . . 112 . . . . 3 . 10 . . . . . . Total Damage 3114 | . . . . . . . 189 . . . 2576 . . . . 95 . 254 . . . . . . Kills 19 | . . . . . . . 1 . . . 18 . . . . . . . . . . . . . Allies Corrupted 1 | . . . . . . . . . . . 1 . . . . . . . . . . . . . Allies Melted . | . . . . . . . . . . . . . . . . . . . . . . . . . Intel | -11 -10 -10 -9 -9 -9 -8 -8 -8 -7 -6 -6 -6 -6 -6 -5 -4 -4 -4 -4 -3 -3 -3 -2 -1 ------- Run | Scr Mat Min Mat Min Exi Min Mat Sto Fac Fac Ext Cet Arc Hub Fac Fac Upp Upp Zhi Pro Res Tes Res Acc Robot Analysis Total 7 | . 1 . . . . . . 1 1 . . . . . . . . . 4 . . . . . Derelict Logs Recovered . | . . . . . . . . . . . . . . . . . . . . . . . . . Drone Launches . | . . . . . . . . . . . . . . . . . . . . . . . . . Drone Recoveries . | . . . . . . . . . . . . . . . . . . . . . . . . . Decoded 0b10 Intel 7 | . . . . . . . . . . 7 . . . . . . . . . . . . . . Traps 4 | . . . . . . . . . . 4 . . . . . . . . . . . . . . Emergency Access 1 | . . . . . . . . . . 1 . . . . . . . . . . . . . . Garrisons 1 | . . . . . . . . . . 1 . . . . . . . . . . . . . . Exits 1 | . . . . . . . . . . 1 . . . . . . . . . . . . . . Exploration | -11 -10 -10 -9 -9 -9 -8 -8 -8 -7 -6 -6 -6 -6 -6 -5 -4 -4 -4 -4 -3 -3 -3 -2 -1 ------------- Run | Scr Mat Min Mat Min Exi Min Mat Sto Fac Fac Ext Cet Arc Hub Fac Fac Upp Upp Zhi Pro Res Tes Res Acc Turns Passed 23705 | 14 803 153 1658 1701 500 229 876 702 2109 1860 1256 194 118 144 1097 569 313 511 92 222 1189 445 932 6018 Spaces Moved 11490 | 20 414 87 552 731 223 156 486 386 622 582 667 84 71 114 564 491 398 417 128 162 1010 246 1089 1790 Core 15 | 15 . . . . . . . . . . . . . . . . . . . . . . . . Treads 3335 | 5 414 87 552 731 223 156 486 386 34 42 114 33 . . 72 . . . . . . . . . Legs 1015 | . . . . . . . . . 588 427 . . . . . . . . . . . . . . Wheels 1394 | . . . . . . . . . . 113 553 51 71 114 492 . . . . . . . . . Hover 5731 | . . . . . . . . . . . . . . . . 491 398 417 128 162 1010 246 1089 1790 Flight . | . . . . . . . . . . . . . . . . . . . . . . . . . Fastest Speed 50 | 50 160 160 152 152 225 145 145 145 120 120 110 110 115 115 130 56 60 60 60 60 56 56 53 50 Average Speed 108 | 77 160 160 152 222 225 145 145 145 121 125 130 137 121 116 145 58 60 89 68 60 90 81 53 50 Slowest Speed 330 | 160 160 160 160 225 225 145 145 145 145 330 240 160 130 130 225 60 60 140 140 60 136 131 131 143 Overloaded Moves . | . . . . . . . . . . . . . . . . . . . . . . . . . Propulsion Burnouts . | . . . . . . . . . . . . . . . . . . . . . . . . . Robots Hopped . | . . . . . . . . . . . . . . . . . . . . . . . . . Cave-ins Triggered . | . . . . . . . . . . . . . . . . . . . . . . . . . Exploration Rate (%) 45 | 4 77 24 63 99 61 39 62 62 16 18 74 49 68 12 20 17 69 64 60 38 30 42 29 44 Regions Visited 24 Branch Regions 14 Pre-discovered Areas 4 | . . . . . 1 . . . . . . . . . . . . . 3 . . . . . Known Exits Taken 7 | . 1 . 1 . . . 1 . 1 1 . . . 1 . . . . . . 1 . . . Unknown Exits Taken 17 | 1 . 1 . 1 1 1 . 1 . . 1 1 1 . 1 1 1 1 1 1 . 1 1 . Scrap Searched . | . . . . . . . . . . . . . . . . . . . . . . . . . Spaces Dug 283 | . 6 . . 11 . . 7 . . 53 . . . . 28 15 33 . . . 11 28 . 91 Terrain Destroyed 5955 | . 122 45 249 20 . . 145 94 253 712 345 76 . 9 717 555 194 221 . 83 297 221 557 1040 Melee . | . . . . . . . . . . . . . . . . . . . . . . . . . Projectile 78 | . . . . 1 . . . . 15 10 5 . . . . 7 2 2 . . 1 4 8 23 AOE 5877 | . 122 45 249 19 . . 145 94 238 702 340 76 . 9 717 548 192 219 . 83 296 217 549 1017 Terrain Rammed . | . . . . . . . . . . . . . . . . . . . . . . . . . Walls Destroyed . | . . . . . . . . . . . . . . . . . . . . . . . . . Machines Disabled . | . . . . . . . . . . . . . . . . . . . . . . . . . Actions | -11 -10 -10 -9 -9 -9 -8 -8 -8 -7 -6 -6 -6 -6 -6 -5 -4 -4 -4 -4 -3 -3 -3 -2 -1 --------- Run | Scr Mat Min Mat Min Exi Min Mat Sto Fac Fac Ext Cet Arc Hub Fac Fac Upp Upp Zhi Pro Res Tes Res Acc Total 20910 | 19 476 96 1276 791 222 159 559 456 1847 1404 912 123 89 124 777 695 452 509 131 278 1195 391 1265 6664 Wait 7595 | . 8 5 647 46 . 4 3 28 1125 553 45 1 5 10 118 123 32 37 . 104 89 17 20 4575 Move 11465 | 19 413 86 551 730 222 155 485 385 621 581 666 83 70 113 563 490 397 416 127 161 1009 245 1088 1789 Hop . | . . . . . . . . . . . . . . . . . . . . . . . . . Pick Up 53 | . . . . 3 . . . . . 9 1 . . . 9 2 1 . . 1 4 3 7 13 Fast Attach 25 | . . . . . . . . 1 . 8 3 1 . . . . . 2 2 . . 2 3 3 Attach 69 | . . . 2 . . . 3 . 5 5 5 . . . 8 4 2 1 . 1 10 2 6 15 Detach 46 | . . . . . . . 1 . 1 7 2 . . . 3 1 1 1 . 2 11 1 3 12 Swap 64 | . 5 . 4 1 . . . . . 6 7 . . . . 2 . . . . 4 4 18 13 Drop 89 | . . . . 1 . . 1 . 2 17 3 . . . 11 4 1 . 2 2 5 4 10 26 Fire 1311 | . 50 5 72 10 . . 66 42 93 215 95 38 14 1 65 64 18 35 . 7 63 57 109 192 Melee . | . . . . . . . . . . . . . . . . . . . . . . . . . Ram 1 | . . . . . . . . . . . . . . . . . . . . . . . 1 . Kick 3 | . . . . . . . . . . 3 . . . . . . . . . . . . . . Crush . | . . . . . . . . . . . . . . . . . . . . . . . . . Escape Stasis 82 | . . . . . . . . . . . . . . . . . . . . . . 56 . 26 Rewire 107 | . . . . . . . . . . . 85 . . . . 5 . 17 . . . . . . Trap . | . . . . . . . . . . . . . . . . . . . . . . . . . Miscellaneous . | . . . . . . . . . . . . . . . . . . . . . . . . . Route ------- -11/Scrapyard -10/Materials (discovered 4 exits: *Mat x2 / *Min x2) -10/Mines -9/Materials (discovered 2 exits: *Min x2) -9/Mines (discovered 4 exits: *Mat x2 / *Exi / [*Zio]) -9/Exiles -8/Mines -8/Materials (discovered 2 exits: *Sto x2) -8/Storage -7/Factory (discovered 6 exits: *Fac x4 / *Low x2) -6/Factory (discovered 2 exits: *Fac / *Ext) -6/Extension (discovered 2 exits: *Fac / [*Cet]) -6/Cetus -6/Archives -6/Hub_04(d) (discovered 4 exits: *Fac x4) -5/Factory (discovered 3 exits: *Fac / Upp x2) -4/Factory (discovered 2 exits: *Res / [*Upp]) -4/Upper Caves -4/Upper Caves -4/Zhirov -3/Proximity Caves -3/Research (discovered 2 exits: *Tes x2) -3/Testing -2/Research -1/Access To Epsilon Eridani History --------- Turn | Location | Event 3 | -11/Scrapyard | Discovered new exit (range 14) 15 | -11/Scrapyard | Entered Materials 220 | -10/Materials | Discovered new exit (range 7) 287 | -10/Materials | Discovered new exit (range 14) 305 | -10/Materials | Build established: Mutant 646 | -10/Materials | Discovered new exit (range 15) 662 | -10/Materials | Identified exit to Mines 818 | -10/Materials | Entered Mines 846 | -10/Mines | Met a Derelict bent on vengeance 926 | -10/Mines | Discovered new exit (range 10) 971 | -10/Mines | Entered Materials 971 | -9/Materials | Evolved 2 slots: Propulsion x1, Utility x1 1109 | -9/Materials | Identified exit to Mines 1371 | -9/Materials | First assault squad dispatched 2629 | -9/Materials | Entered Mines 2704 | -9/Mines | Discovered new exit (range 8) 2817 | -9/Mines | Received a Rocket Launcher from a helpful Derelict 2901 | -9/Mines | Discovered new exit (range 9) 2917 | -9/Mines | Joined a pair of Derelicts in attacking an 0b10 outpost 3115 | -9/Mines | A weapon hastily lodged in a ceiling crevice suddenly fell to the ground 3334 | -9/Mines | Assisted by bots powering up and referring to "LRC-V3" 3444 | -9/Mines | Found a damaged Exp. Sensor Array with a note attached 3449 | -9/Mines | Found Prototype Device 3584 | -9/Mines | Met a Derelict who couldn't figure out how to use a Trap Extractor 3994 | -9/Mines | A Derelict revealed a hidden shortcut to a safe place 4315 | -9/Mines | Deemed a non-threat by the Exiles lab entrance 4315 | -9/Mines | Discovered new exit (range 5) 4330 | -9/Mines | Entered Exiles 4330 | -9/Exiles | Accompanied by 3 allies 4384 | -9/Exiles | Met 8R-AWN 4423 | -9/Exiles | Met EX-HEX 4483 | -9/Exiles | Met EX-BIN 4515 | -9/Exiles | Aligned with FarCom system 4517 | -9/Exiles | Given EX-Vault access code 4582 | -9/Exiles | Opened EX-Vault 4625 | -9/Exiles | Warned to stay clear of 0b10 Research branches 4702 | -9/Exiles | Met EX-DEC 4720 | -9/Exiles | Learned location of Zion (-7) 4803 | -9/Exiles | Discovered new exit (range 14) 4830 | -9/Exiles | Entered Mines 4830 | -8/Mines | Accompanied by 3 allies 4903 | -8/Mines | Discovered new exit (range 7) 5059 | -8/Mines | Entered Materials 5059 | -8/Materials | Accompanied by 3 allies 5059 | -8/Materials | Evolved 2 slots: Utility x1, Weapon x1 5068 | -8/Materials | Discovered new exit (range 15) 5090 | -8/Materials | Identified exit to Storage 5129 | -8/Materials | Identified Exp. Sensor Array 5692 | -8/Materials | Garrison activated, responded to threat 5859 | -8/Materials | First assault squad dispatched 5935 | -8/Materials | Entered Storage 6500 | -8/Storage | Discovered new exit (range 9) 6637 | -8/Storage | Entered Factory 6637 | -7/Factory | Evolved 2 slots: Utility x2 6669 | -7/Factory | Identified exit to Lower Caves 6743 | -7/Factory | Lost 5 parts (2n2u1w) 6776 | -7/Factory | Destroyed 11 combat bots 6834 | -7/Factory | Identified exit to Factory 7437 | -7/Factory | First assault squad dispatched 7502 | -7/Factory | Destroyed 8 combat bots 8746 | -7/Factory | Entered another Factory area 8746 | -6/Factory | Evolved 2 slots: Propulsion x1, Utility x1 8916 | -6/Factory | Discovered new exit (range 15) 9102 | -6/Factory | Identified exit to Extension 9352 | -6/Factory | Lost 3 parts (3u) 9680 | -6/Factory | Spotted B-75 Beast 9790 | -6/Factory | Destroyed B-75 Beast 9791 | -6/Factory | Lost 3 parts (2n1u) 9875 | -6/Factory | Cargo convoy interrupted 9876 | -6/Factory | Destroyed 10 combat bots 9914 | -6/Factory | Destroyed 8 combat bots 9923 | -6/Factory | Lost 4 parts (1p1n2u) 9933 | -6/Factory | Found Powered Armor 9935 | -6/Factory | Found Prototype Slashing Weapon 9935 | -6/Factory | Identified Centrium Greatsword 9945 | -6/Factory | High security lockdown imminent 10025 | -6/Factory | High security lockdown engaged 10159 | -6/Factory | Garrison activated, responded to threat 10268 | -6/Factory | Destroyed 30 combat bots 10272 | -6/Factory | Lost 4 parts (1n1u2w) 10418 | -6/Factory | Destroyed 15 combat bots 10464 | -6/Factory | Destroyed 8 combat bots 10503 | -6/Factory | Destroyed 8 combat bots 10515 | -6/Factory | Sterilization system engaged 10515 | -6/Factory | Non-combat units ordered to evacuate 10606 | -6/Factory | Entered Extension 10662 | -6/Extension | Rescued a captive Derelict 10825 | -6/Extension | Rescued a captive Derelict 10827 | -6/Extension | Rescued a captive Derelict 10873 | -6/Extension | Rescued a captive Derelict 10874 | -6/Extension | Rescued a captive Derelict 10929 | -6/Extension | P-60 Hacker assimilated allied S6-BV0(h) 10956 | -6/Extension | First assault squad dispatched 11152 | -6/Extension | Destroyed 10 combat bots 11221 | -6/Extension | Rescued A7 11263 | -6/Extension | Rescued a captive Derelict 11264 | -6/Extension | Rescued a captive Derelict 11314 | -6/Extension | Spotted B-75 Beast 11316 | -6/Extension | Found Mni. Smartbomb Launcher 11345 | -6/Extension | Allies destroyed B-75 Beast 11349 | -6/Extension | Spotted B-75 Beast 11364 | -6/Extension | Destroyed B-75 Beast 11381 | -6/Extension | Disrupted transfer network 11415 | -6/Extension | Destroyed 8 combat bots 11507 | -6/Extension | Discovered new exit (range 15) 11508 | -6/Extension | Discovered new exit (range 15) 11748 | -6/Extension | Core integrity fell below 50% 11833 | -6/Extension | Lost 3 parts (1p1u1w) 11862 | -6/Extension | Entered Cetus 11878 | -6/Cetus | Spotted Cetus Guard 11878 | -6/Cetus | Spotted Cetus Guard 11879 | -6/Cetus | Spotted Cetus Guard 11889 | -6/Cetus | High security lockdown imminent 11889 | -6/Cetus | Destroyed Cetus Guard 11889 | -6/Cetus | Destroyed Cetus Guard 11890 | -6/Cetus | Destroyed Cetus Guard 11895 | -6/Cetus | Spotted Cetus Guard 11898 | -6/Cetus | Destroyed Cetus Guard 11918 | -6/Cetus | Cetus Manufacturing Module disabled 11947 | -6/Cetus | System corruption reached 10% 11963 | -6/Cetus | Lost 5 parts (2n3u) 11969 | -6/Cetus | High security lockdown engaged 11981 | -6/Cetus | Destroyed 17 combat bots 12012 | -6/Cetus | Discovered new exit (range 16) 12028 | -6/Cetus | Core integrity fell below 20% 12056 | -6/Cetus | Entered Archives 12151 | -6/Archives | Discovered new exit (range 15) 12174 | -6/Archives | Entered Hub_04(d) 12206 | -6/Hub_04(d) | Identified exit to Factory 12318 | -6/Hub_04(d) | Entered Factory 12318 | -5/Factory | Evolved 2 slots: Utility x2 12460 | -5/Factory | Found Fusion Bomb Launcher 12618 | -5/Factory | First assault squad dispatched 12796 | -5/Factory | Found Launcher Loader 12807 | -5/Factory | Destroyed 10 combat bots 13129 | -5/Factory | Identified exit to Upper Caves 13220 | -5/Factory | Discovered new exit (range 14) 13415 | -5/Factory | Entered another Factory area 13415 | -4/Factory | Evolved 2 slots: Propulsion x2 13520 | -4/Factory | Garrison activated, responded to threat 13594 | -4/Factory | Destroyed 16 combat bots 13696 | -4/Factory | First assault squad dispatched 13747 | -4/Factory | Discovered new exit (range 3) 13827 | -4/Factory | Destroyed 8 combat bots 13831 | -4/Factory | Discovered new exit (range 15) 13851 | -4/Factory | High security lockdown imminent 13903 | -4/Factory | Destroyed 7 combat bots 13931 | -4/Factory | High security lockdown engaged 13984 | -4/Factory | Entered Upper Caves 14059 | -4/Upper Caves | Spotted B-86 Titan 14291 | -4/Upper Caves | Discovered new exit (range 10) 14297 | -4/Upper Caves | Entered another Upper Caves area 14342 | -4/Upper Caves | Attracted the attention of an 0b10 outpost 14344 | -4/Upper Caves | Found Fusion Bomb Launcher 14358 | -4/Upper Caves | Attracted the attention of an 0b10 checkpoint 14374 | -4/Upper Caves | Destroyed 7 combat bots 14692 | -4/Upper Caves | Destroyed 8 combat bots 14785 | -4/Upper Caves | Discovered new exit (range 13) 14808 | -4/Upper Caves | Entered Zhirov 14808 | -4/Zhirov | Discovered new exit (range 3) 14825 | -4/Zhirov | Met Zhirov 14837 | -4/Zhirov | Learned location of Quarantine (-2) 14837 | -4/Zhirov | Learned location of Testing (-3) 14837 | -4/Zhirov | Learned location of Command (-1) 14842 | -4/Zhirov | Zhirov requested help retrieving the SGEMP Prototype 14900 | -4/Zhirov | Entered Proximity Caves 14939 | -3/Proximity Caves | Found Ragnarok Missile Launcher 15006 | -3/Proximity Caves | Discovered new exit (range 13) 15053 | -3/Proximity Caves | Received a Behemoth hack from an annoying Tinkerer 15122 | -3/Proximity Caves | Entered Research 15122 | -3/Research | Evolved 2 slots: Power x1, Utility x1 15124 | -3/Research | Found Powered Armor 15125 | -3/Research | Found Ragnarok Missile Launcher 15265 | -3/Research | Identified exit to Testing 15333 | -3/Research | Found Exp. Force Field 15976 | -3/Research | Garrison activated, responded to threat 16058 | -3/Research | Spotted B-86 Titan 16311 | -3/Research | Entered Testing 16312 | -3/Testing | Maximum security lockdown engaged 16404 | -3/Testing | Discovered new exit (range 10) 16489 | -3/Testing | Destroyed 30 combat bots 16530 | -3/Testing | Spotted Investigator 16532 | -3/Testing | Scanned by Researcher 16534 | -3/Testing | Destroyed Investigator 16534 | -3/Testing | Garrison activated, responded to threat 16581 | -3/Testing | Destroyed 27 combat bots 16680 | -3/Testing | Spotted Executioner 16680 | -3/Testing | Destroyed Executioner 16683 | -3/Testing | Spotted Investigator 16685 | -3/Testing | Destroyed Investigator 16696 | -3/Testing | System corruption reached 10% 16698 | -3/Testing | Spotted Striker 16712 | -3/Testing | Destroyed Striker 16725 | -3/Testing | Lost 3 parts (2u1w) 16739 | -3/Testing | Destroyed 32 combat bots 16756 | -3/Testing | Entered Research 16756 | -2/Research | Evolved 2 slots: Utility x2 16969 | -2/Research | Destroyed 7 combat bots 17006 | -2/Research | First assault squad dispatched 17133 | -2/Research | Destroyed 8 combat bots 17194 | -2/Research | High security lockdown imminent 17228 | -2/Research | Destroyed 7 combat bots 17274 | -2/Research | High security lockdown engaged 17397 | -2/Research | Found Enh. Gamma Bomb Array 17402 | -2/Research | Garrison activated, responded to threat 17422 | -2/Research | Found Adv. Micro-nuke Launcher 17424 | -2/Research | Spotted Striker 17424 | -2/Research | Spotted Striker 17428 | -2/Research | Found Adv. Micro-nuke Launcher 17435 | -2/Research | Destroyed Striker 17438 | -2/Research | Destroyed Striker 17466 | -2/Research | Destroyed 16 combat bots 17485 | -2/Research | Spotted Investigator 17492 | -2/Research | Destroyed Investigator 17532 | -2/Research | Destroyed 14 combat bots 17584 | -2/Research | Destroyed 7 combat bots 17667 | -2/Research | Destroyed 9 combat bots 17679 | -2/Research | Discovered new exit (range 10) 17688 | -2/Research | Entered Access 17688 | -1/Access | Evolved 2 slots: Utility x2 17787 | -1/Access | Found Ragnarok Missile Launcher 17800 | -1/Access | Found Exp. Core Analyzer 17938 | -1/Access | First assault squad dispatched 18156 | -1/Access | Destroyed 16 combat bots 18321 | -1/Access | Destroyed 8 combat bots 18384 | -1/Access | Destroyed 15 combat bots 18392 | -1/Access | Energy Cycler disabled 18421 | -1/Access | System corruption reached 10% 18594 | -1/Access | Destroyed 20 combat bots 18597 | -1/Access | Lost 4 parts (1p3u) 18822 | -1/Access | Destroyed 9 combat bots 18870 | -1/Access | Destroyed 11 combat bots 18956 | -1/Access | Discovered new exit (range 5) 19185 | -1/Access | High security lockdown imminent 19195 | -1/Access | Sterilization system engaged 19238 | -1/Access | Destroyed 15 combat bots 19377 | -1/Access | Lost 5 parts (1p3u1w) 19495 | -1/Access | Ambient heat levels rising (+10) 19645 | -1/Access | Ambient heat levels rising (+10) 19743 | -1/Access | Found Ragnarok Missile Launcher 19795 | -1/Access | Ambient heat levels rising (+10) 19945 | -1/Access | Ambient heat levels rising (+10) 20095 | -1/Access | Ambient heat levels rising (+10) 20245 | -1/Access | Ambient heat levels rising (+10) 20395 | -1/Access | Ambient heat levels rising (+10) 20545 | -1/Access | Ambient heat levels rising (+10) 20695 | -1/Access | Ambient heat levels rising (+10) 20845 | -1/Access | Ambient heat levels rising (+10) 20995 | -1/Access | Ambient heat levels rising (+10) 21145 | -1/Access | Ambient heat levels rising (+10) 21295 | -1/Access | Ambient heat levels rising (+10) 21445 | -1/Access | Ambient heat levels rising (+10) 21595 | -1/Access | Ambient heat levels rising (+10) 21745 | -1/Access | Ambient heat levels rising (+10) 21895 | -1/Access | Ambient heat levels rising (+10) 22045 | -1/Access | Ambient heat levels rising (+10) 22195 | -1/Access | Ambient heat levels rising (+10) 22345 | -1/Access | Ambient heat levels rising (+10) 22495 | -1/Access | Ambient heat levels rising (+10) 22645 | -1/Access | Ambient heat levels rising (+10) 22795 | -1/Access | Ambient heat levels rising (+10) 22945 | -1/Access | Ambient heat levels rising (+10) 23095 | -1/Access | Ambient heat levels rising (+10) 23245 | -1/Access | Ambient heat levels rising (+10) 23395 | -1/Access | Ambient heat levels rising (+10) 23545 | -1/Access | Ambient heat levels rising (+10) 23695 | -1/Access | Ambient heat levels rising (+10) 23706 | *** | Escaped! Last Messages --------------- 23395_ ALERT: Ambient heat levels +10. 23410_ System corrupted: Matter fused (-10). 23428_ System corrupted: Matter fused (-7). 23446_ System corrupted: Heat flow error (+135). 23478_ System corrupted: Matter fused (-10). 23509_ System corrupted: Matter fused (-8). 23529_ System corrupted: Substantial component data lost. 23544_ System corrupted: FCS attempts to trigger Enh. Nova Cannon. 23544_ System corrupted: Enh. Nova Cannon misfires. 23545_ ALERT: Ambient heat levels +10. 23563_ System corrupted: FCS attempts to trigger Enh. Nova Cannon. 23563_ System corrupted: Enh. Nova Cannon misfires. 23581_ System corrupted: Component data lost. 23604_ System corrupted: Energy discharge (-226). 23620_ System corrupted: Matter fused (-6). 23639_ 3/QHQIQOHXB>UUFK GIPXQ%YMC8J6VH 23668_ System corrupted: Matter fused (-8). 23684_ OQY4=OCZP1L6:>KNO,KL CJFARWBJE5 23695_ ALERT: Ambient heat levels +10. 23699_ C%XHIRTA,YJ=JMX2R3 AOKV3JWES=VABFQLZOD4 Map ----- +----------------------------------------------------+ | ???????????# + #??????????????????? | | ##########?# # #??????????????????? | | ?# # " " #??????????????????? | | # # """ """ #??????????????????? | | # #? """ """ #??????????????????? | | # # ? " ? #??????????????????? | | # #?? ? ???????????????????? | | + #??? ? ???????????????????? | | "^ #???####### # ##????????????????? | | # ##???## ##### # #????????????????? | | # ######"""##;####"########??????????? | | # ??????????? | | # ??????????? | | ?########## ##### ????????????? | | ##########???????## # ;# # ????? ??????? | | ????????????????## # # # ? ?????? | | ????????????????# # #### ????????? | | ????????????????### # # ????????? | | ????????????????## #??????????????? | | ?????????????????# ## ###??????????????? | | ?????????????????### #????????????????? | | ?????????????????# # ##????????????????? | | ?????????????????#### #?????????????????? | | ????????????????????# #?????????????????? | | ????????????????????# ] #?????????????????? | | ????????????????????# @" #?????????????????? | | ????????????????????# "" #?????????????????? | | ????????????????????# #?????????????????? | | ????????????????????# #?????????????????? | | ????????????????????# #?????????????????? | | ?????##############?#"""" """""#?????????????????? | | ?????# #?????" "??????????????????????? | | ?????# #?????" "??????????????????????? | | ??" ?# #?#"""" """""#?????????????????? | | "" # #?# #?????????????????? | | # #?# #?????????????????? | | #?# #?????????????????? | | #?# #?????????????????? | | #?# #?????????????????? | | # #?# #?????????????????? | | #?# #?????????????????? | | ???# #?#### ####?????????????????? | | ?????# #????# #????????????????????? | | ?????# # ##+###+###### #????????????????????? | | ???????### #????????????????????? | | ?????????# ^ #????????????????????? | | ?????????# ^ #????????????????????? | | ?????????# "" " #????????????????????? | | ????F"#### " """ ########????????????????????? | | ??? " F" #???????????????????????????? | +----------------------------------------------------+ Best States ------------- Heat Dissipation 322 Coolant Potential 100 Energy Generation 75 Energy Capacity 920 Matter Stores 300 Matter Capacity 800 Sight Range 16 Robot Scan Range 20 Terrain Scan Density 10 Power Amplification 40 Additional Mass Support 25 Armor Coverage 1500 Resistance: TH 10 Resistance: EM 15 Power Shielding 66 Propulsion Shielding 66 Utility Shielding 66 Weapon Shielding 66 Evasion (%) 55 Targeting Accuracy 8 Launcher Accuracy 20 Core Analysis 8 Recoil Reduction 3 Particle Charging 20 Offensive Hacking 14 Item Schematics ----------------- Assault Drone Bay | -4/Zhirov | Free Exp. Heat Sink | -4/Zhirov | Free Exp. Optical Array | -4/Zhirov | Free Imp. Arc Thrower | -4/Zhirov | Free Robot Schematics ------------------ None Fabricated ------------ Nothing Alien Tech Used ----------------- None Achievements -------------- Most Wanted Challenges ------------ None Cogshop Purchases (192) ------------------------- Hvy. EM Pulse Gun (Loot Box) Lgt. Ion Engine (599) Imp. Treads (874) Spk. Treads (874) Adv. Beam Cannon (769) Disposable Heat Sink (699) Med. Armor Plating (732) Field Recycling Unit (Loot Box) Rocket Launcher (912) Hpw. Tractor Beam (747) Adv. Treads (1042) Deuterium Engine (715) Hrd. Medium Armor Plating (1021) Adv. ECM Suite (Loot Box) Lgt. EM Pulse Cannon (Loot Box) Enh. Flamer (661) Disposable Heat Sink (536) Adv. Treads (1027) Lrn. Tractor Beam (630) Imp. EM Pulse Cannon (785) Adv. Treads (1116) Imp. Weapon Shielding (851) Imp. Deuterium Engine (788) Imp. Medium Armor Plating (930) Powered Hammer (Loot Box) Hvy. EM Shotgun (Loot Box) Launcher Guidance Computer (Loot Box) Imp. Deuterium Engine (847) Imp. Medium Armor Plating (919) Prc. Assault Rifle (Loot Box) Flexi-carbon Leg (942) Flexi-carbon Leg (942) Flexi-carbon Leg (942) Imp. KE Penetrator (Loot Box) Propulsion Shielding (613) F-cell Engine (960) Prc. Rocket Launcher (2810) Lrn. Tractor Beam (527) Hvy. Particle Gun (Loot Box) Hyp. Gauss Cannon (Loot Box) Adv. Thermal Generator (Loot Box) Imp. Recalibrator (Loot Box) Imp. Heavy Armor Plating (946) 0b10 Decoder Chip [Scout] (773) Lrn. Missile Launcher (1427) Imp. Heavy Armor Plating (1097) Hvy. Proton Cannon (902) Hvy. Proton Cannon (902) Imp. Coolant Injector (1173) Imp. Weapon Shielding (877) Imp. Utility Shielding (877) Powered Armor (987) Adv. Targeting Computer (626) Arm. Leg (814) Fusion Compressor (743) Hcp. Matter Pod (449) Hcp. Battery (449) Tiamat Missile Launcher (3482) Angular Momentum Engine (1612) Hvy. Treads (892) Imp. Heavy Armor Plating (1726) Imp. Weapon Shielding (1380) Angular Momentum Engine (1893) Lrn. Tractor Beam (527) Imp. Heavy Armor Plating (1789) Imp. Weapon Shielding (1631) Imp. Weapon Shielding (1631) Imp. Heavy Armor Plating (2329) Mni. Smartbomb Launcher (2019) Hvy. Shock Bomb Launcher (1009) Hvy. Treads (1212) Hyb. Fission Core (842) Nova Cannon (Loot Box) Lyr. Light Armor Plating (1655) Hvy. Phase Cannon (393) Insulated Plating (848) Reflective Plating (848) Neutrino Core (1364) Neutrino Core (1426) Lyr. Heavy Armor Plating (2829) Tesla Bomb Launcher (3548) Hvy. Treads (969) Prc. Rocket Launcher (3752) Imp. Coolant Injector (883) Arm. Huge Wheel (725) Lyr. Heavy Armor Plating (3688) Adv. Hacking Suite (1273) Imp. Particle Charger (418) Imp. Arc Projector (Loot Box) Adv. Heavy Treads (Loot Box) Arm. Heavy Treads (Loot Box) Enh. Nova Cannon (Loot Box) Hdn. Centrium Wheel (Loot Box) Fusion Bomb Launcher (Loot Box) Cmb. Linear Gravjet (Loot Box) SHELL Armor (Loot Box) Launcher Loader (971) Point Defense Array (Loot Box) Adv. Heavy Treads (Loot Box) Lrn. Tractor Beam (985) Exp. Power Amplifier (Loot Box) Lrn. Tractor Beam (1052) Gamma Rifle (Loot Box) Cmb. Antigrav System (1445) Mic. Antimatter Reactor (1339) Cmb. Antigrav System (1445) Cmb. Antigrav System (1445) Cmb. Antigrav System (1445) Cmb. Antigrav System (1445) Imp. Weapon Shielding (1406) Hvy. Treads (Loot Box) Com. HERF Cannon (858) Enh. Quantum Rifle (Loot Box) Exp. Myomer Leg (Loot Box) Imp. Fusion Compressor (Loot Box) Adv. Coolant Injector (1284) Fusion Bomb Launcher (1925) Mni. Fusion Reactor (2265) Exp. Heat Sink (1025) Ragnarok Missile Launcher (3708) Powered Armor (1241) Lrn. Tractor Beam (791) Adv. Energy Well (968) Ragnarok Missile Launcher (Loot Box) Quantum Reactor (Loot Box) Exp. Force Field (2759) Adv. Quantum Shading Machine (Loot Box) Adv. Coolant Injector (1308) Graviton Reactor (2749) Antimissile System (Loot Box) Imp. Propulsion Shielding (1026) Adv. Force Field (1121) Enh. Quantum Rifle (Loot Box) Graviton Cannon (Loot Box) Lrn. Tractor Beam (724) Biometal Heavy Treads (Loot Box) Enh. Quantum Rifle (Loot Box) Quantum Reactor (Loot Box) Cmb. Linear Gravjet (Loot Box) Adv. Micro-nuke Launcher (3913) Imp. Power Shielding (928) Enh. Gamma Bomb Array (Loot Box) Graviton Reactor (3255) Exp. Core Analyzer (Loot Box) Lgt. Quantum Reactor (Loot Box) Quantum Reactor (Loot Box) Mic. Antimatter Reactor (Loot Box) Enh. Nova Cannon (Loot Box) Lgt. Quantum Reactor (Loot Box) Imp. Q-thruster (Loot Box) Imp. Heavy Siege Treads (Loot Box) Adv. Force Field (1228) Adv. Micro-nuke Launcher (5796) Exp. Power Amplifier (1293) Exp. Biometal Leg (Loot Box) Stasis Canceller (1104) Lrn. Tractor Beam (883) Coolant Network (1435) Ragnarok Missile Launcher (6533) Enh. Quantum Rifle (Loot Box) Adv. Cloaking Device (Loot Box) Cmb. Linear Gravjet (Loot Box) Cmb. Antigrav System (1259) Imp. Propulsion Shielding (828) Lgt. Quantum Reactor (2079) Adv. Force Field (1744) Lgt. Quantum Reactor (Loot Box) Biometal Heavy Treads (Loot Box) Quantum Reactor (Loot Box) Com. Linear Accelerator (Loot Box) Lgt. Quantum Reactor (Loot Box) Adv. Phase Shifter (Loot Box) Lgt. Quantum Reactor (Loot Box) Imp. Power Shielding (1175) Lrn. Tractor Beam (1207) Exp. Q-thruster (Loot Box) Enh. Quantum Rifle (Loot Box) Quantum Reactor (Loot Box) Cld. Q-thruster (Loot Box) Adv. Force Booster (Loot Box) Exp. Power Amplifier (2068) Imp. Fusion Compressor (834) Adv. Force Field (2068) Imp. Propulsion Shielding (1289) Imp. Utility Shielding (1289) Lrn. Tractor Beam (1643) Ragnarok Missile Launcher (6435) Com. Particle Reactor (3907) Imp. Propulsion Shielding (1254) Lrn. Tractor Beam (1915) Coolant Network (3599) Coolant Network (2830) Game ------ Seed SwordUtilityShotgun Manual? 0 Play Time 05:00:34 Cumulative 249.1 hours Start 2022.04.29 @ 15:12:11 End 2022.04.29 @ 20:57:34 Sessions 1 Manual Loads 0 Difficulty Rogue Special Mode AFD2019/Pay2Buy Game No. 72 Rogue 55 Adventurer 17 Explorer 0 Win Type 0 Total 14 Types 8/0/5/1/0/0/0/0/0 Lore% 76 Gallery% 80 Achievement% 70 Wizard Run 0 Options --------- ASCII 0 Keyboard 0 Movement Arrows Keybinds 0 Fullscreen 1 Font 28/Dina Map View 72x54 Tactical HUD 1 Map Filters NONE Filters NONE Steam 1 RUN: 2b05b20b-6cdf-49ac-acf3-b215f92f91d1